 Dungeon Crawl Stone Soup version 0.22-a0-422-g9628fc8 (webtiles) character file.

272952 Firecrotchwizard the Champion of Chaos (level 19, -21/193 HPs)
             Began as a Deep Dwarf Fighter on May 17, 2018.
             Was the Champion of Makhleb.
             Killed from afar by an ancient lich (40 damage)
             ... with a bolt of fire
             ... on level 1 of the Depths.
             The game lasted 01:21:14 (29467 turns).

Firecrotchwizard the Champion of Chaos (DDFi)      Turns: 29467, Time: 01:21:14

Health: -21/193    AC: 31    Str: 30    XL:     19   Next: 49%
Magic:  28/28      EV:  9    Int: 14    God:    Makhleb [******]
Gold:   2245       SH: 18    Dex: 12    Spells: 18/18 levels left

rFire    . . .     SeeInvis .   V - +7 broad axe (vamp) {!w}
rCold    . . .     Gourm    .   b - +0 shield of Ytualec {Int+3}
rNeg     + . .     Faith    .   Z - +2 chain mail {MR+}
rPois    +         Spirit   .   D - +2 helmet
rElec    .         Reflect  +   M - +0 cloak
rCorr    .         Harm     .   u - +0 pair of gloves
MR       +++..                  n - +2 pair of boots
Stlth    ..........             a - +4 amulet of reflection
HPRegen  0.00/turn              U - +4 ring of protection
MPRegen  0.21/turn              C - ring "Huxa" {rPois MP+9 Str+4 Slay+6}

@: non-regenerating, drained
A: damage resistance, heal wounds, negative energy resistance 1, sense
surroundings 3, no regeneration
}: 2/15 runes: decaying, gossamer
a: Heal Wounds, Minor Destruction, Lesser Servant of Makhleb, Major Destruction,
Greater Servant of Makhleb, Renounce Religion


You were on level 1 of the Depths.
You worshipped Makhleb.
Makhleb was exalted by your worship.
You were near starving.

You visited 8 branches of the dungeon, and saw 36 of its levels.
You also visited: Labyrinth, Bailey and Ice Cave.

You collected 3462 gold pieces.
You spent 1217 gold pieces at shops.

Inventory:

Hand Weapons
 B - a +2 hand axe of electrocution
   (You took it off an orc warrior on level 5 of the Dungeon)
 V - a +7 vampiric broad axe (weapon) {!w}
   (You took it off a minotaur in a labyrinth)
Missiles
 N - a throwing net {=f, !d}
Armour
 b - the +0 shield of Ytualec (worn) {Int+3}
   (You bought it in a shop on level 7 of the Dungeon)

   It affects your intelligence (+3).
 n - a +2 pair of boots (worn)
   (You found it on level 1 of the Dungeon)
 u - a +0 pair of gloves (worn)
   (You found it on level 1 of the Swamp)
 D - a +2 helmet (worn)
   (You found it on level 5 of the Dungeon)
 M - a +0 cloak (worn)
   (You took it off Nikola on level 2 of the Orcish Mines)
 Z - a +2 chain mail of magic resistance (worn)
   (You found it in a labyrinth)
Jewellery
 a - a +4 amulet of reflection (around neck)
   (You bought it in a shop on level 6 of the Dungeon)
 h - an uncursed ring of see invisible {sInv, !d}
   (You found it on level 7 of the Dungeon)
 r - an uncursed ring of flight {+Fly, !d}
   (You found it on level 2 of the Dungeon)
 x - an uncursed ring of protection from magic {MR+, !d}
   (You found it on level 4 of the Dungeon)
 C - the ring "Huxa" (right hand) {rPois MP+9 Str+4 Slay+6}
   (You found it on level 5 of the Dungeon)

   [ring of magical power]

   It affects your strength (+4).
   It affects your accuracy and damage with ranged weapons and melee attacks
   (+6).
   It protects you from poison.
   It affects your magic capacity (+9).
 Q - the ring "Lasm" {rElec rF+ Dex+4}
   (You found it on level 6 of the Lair of Beasts)

   [ring of dexterity]

   It affects your dexterity (+4).
   It protects you from fire.
   It insulates you from electricity.
 R - an uncursed ring of resist corrosion
   (You found it on level 4 of the Lair of Beasts)
 U - a +4 ring of protection (left hand)
   (You found it on level 4 of the Spider Nest)
 W - an uncursed ring of ice {rC+, rF-}
   (You found it on level 12 of the Dungeon)
Wands
 t - a wand of polymorph (8)
   (You found it on level 4 of the Spider Nest)
 K - a wand of acid (16)
   (You took it off Erica on level 10 of the Dungeon)
 P - a wand of iceblast (13)
   (You found it on level 15 of the Dungeon)
 T - a wand of digging (30)
   (You found it on level 5 of the Lair of Beasts)
 X - a wand of clouds (3)
   (You found it in a labyrinth)
Scrolls
 e - 7 scrolls of blinking {!r}
 i - 2 scrolls of magic mapping {!r}
 l - 13 scrolls of identify
 m - 18 scrolls of teleportation
 p - 18 scrolls of remove curse
 v - 4 scrolls of fog
 y - 2 scrolls of holy word {!r}
 E - 4 scrolls of fear
 G - a scroll of summoning
Potions
 d - 7 potions of might
 g - 6 potions of agility
 j - 6 potions of berserk rage {!q}
 o - 5 potions of haste
 q - 4 potions of invisibility
 s - 10 potions of curing
 w - 5 potions of heal wounds
 z - a potion of flight
 A - 4 potions of ambrosia
 H - 5 potions of lignification {!q}
 J - 2 potions of cancellation
 L - a potion of resistance
 O - 3 potions of mutation {!q}
 S - 2 potions of brilliance
Miscellaneous
 c - a box of beasts
 F - a sack of spiders
 I - a lightning rod (4/4)
   (You found it on level 14 of the Dungeon)
Comestibles
 f - 45 rations {@e1}


   Skills:
 + Level 17.4(16.9) Fighting
 + Level 17.0(16.5) Axes
 + Level 17.5(17.0) Armour
 - Level 15.1(14.6) Shields
 + Level 18.5(18.0) Invocations


You had 18 spell levels left.
You didn't know any spells.
Your spell library contained the following spells:

 Spells                   Type           Power        Failure   Level  Hunger
 Cause Fear               Hex            #.........   100%        4    #####..
 Fireball                 Conj/Fire      #.........   100%        5    ######.
 Apportation              Tloc           #.....       65%         1    ##.....
 Conjure Flame            Conj/Fire      #.......     95%         3    ####...
 Slow                     Hex            #.......     80%         2    ###....
 Confuse                  Hex            #.......     95%         3    ####...
 Invisibility             Hex            #.......     100%        6    #######
 Throw Flame              Conj/Fire      #.....       80%         2    ###....
 Animate Dead             Necr           N/A          100%        4    #####..
 Sticky Flame             Conj/Fire      #.......     100%        4    #####..
 Tukima's Dance           Hex            #.......     95%         3    ####...
 Stone Arrow              Conj/Erth      #.....       95%         3    ####...
 Recall                   Summ/Tloc      N/A          95%         3    ####...
 Death Channel            Necr           #.........   100%        6    #######
 Shadow Creatures         Summ           N/A          100%        6    #######
 Confusing Touch          Hex            #.....       65%         1    ##.....
 Flame Tongue             Conj/Fire      #....        65%         1    ##.....
 Passwall                 Tmut/Erth      #.........   80%         2    ###....
 Ensorcelled Hibernation  Hex/Ice        #.....       80%         2    ###....
 Metabolic Englaciation   Hex/Ice        #.........   100%        5    ######.
 Summon Butterflies       Summ           #.......     65%         1    ##.....
 Silence                  Hex/Air        #.........   100%        5    ######.
 Corona                   Hex            #......      65%         1    ##.....
 Alistair's Intoxication  Tmut/Pois      #.......     100%        5    ######.
 Lee's Rapid Deconstruct  Erth           #.........   100%        5    ######.
 Sandblast                Erth           #.....       65%         1    ##.....
 Simulacrum               Ice/Necr       #.........   100%        6    #######
 Portal Projectile        Hex/Tloc       #.....       95%         3    ####...
 Petrify                  Tmut/Erth      #.......     100%        4    #####..
 Leda's Liquefaction      Hex/Erth       #.........   100%        4    #####..
 Darkness                 Hex            #.........   100%        6    #######
 Inner Flame              Hex/Fire       #.......     95%         3    ####...
 Dazzling Spray           Conj/Hex       #.....       95%         3    ####...
 Gell's Gravitas          Tloc           #.........   95%         3    ####...
 Yara's Violent Unravell  Hex/Tmut       #.........   100%        5    ######.
 Lesser Beckoning         Tloc           #.........   95%         3    ####...
 Borgnjor's Vile Clutch   Necr/Erth      #.........   100%        5    ######.


Dungeon Overview and Level Annotations

Branches:
Dungeon (15/15)            Temple (1/1) D:5            Lair (6/6) D:11
  Swamp (4/4) Lair:3       Spider (4/4) Lair:4        Slime (0/5) Lair:5
    Orc (2/2) D:11            Elf (3/3) Orc:2        Vaults (0/5) D:14
 Depths (1/5) D:15

Altars:
Ashenzari
Cheibriados
Dithmenos
Elyvilon
Gozag
Hepliaklqana
Kikubaaqudgha
Makhleb
Nemelex Xobeh
Okawaru
Ru
Sif Muna
Trog
Uskayaw
Vehumet
Wu Jian
Yredelemnul
Zin
The Shining One
Jiyva

Shops:
D:6 =   D:7 [   D:9 *   D:15 (}   Orc:2 [%*=(   Elf:1 :*(!=   Elf:2 }:(

Annotations:
D:6 1 runed door, 3 exclusions
D:14 2 runed doors
Lair:5 1 runed door
Elf:2 exclusion: Roxanne, Roxanne


Innate Abilities, Weirdness & Mutations

You are resistant to damage.
You can heal yourself by infusing magical energy.
You resist negative energy. (rN+)
You passively map a large area around you.
You do not regenerate.


Message History

You block the skeletal warrior's attack.
You block something's attack.
You slash something! You barely miss the spark wasp. You hit the spark wasp.
You block the spark wasp's attack. x2; The spark wasp barely misses you.
You closely miss something. You closely miss the spark wasp.
You miss the spark wasp.
You hear some strange, mumbled words.
A bolt of fire appears from out of thin air!
The bolt of fire hits you! You block the spark wasp's attack.
The skeletal warrior hits you from afar with a glaive!
The spark wasp stings you but does no damage.
You take 61 damage, and have 132/193 hp.
MASSIVE DAMAGE!!
You completely miss the spark wasp. You barely miss something.
You slash the spark wasp! The spark wasp stings you!!
The spark wasp shocks you!
The spark wasp stings you but does no damage.
Something touches you. You partially resist.
You feel drained.
You take 31 damage, and have 101/193 hp.
You barely miss the spark wasp. You slash something! You slice the spark wasp!!
You feel better.
You kill the spark wasp!
Makhleb accepts your kill. You block the spark wasp's attack.
The skeletal warrior hits you but does no damage.
You regained 14 hp, and now have 115/193 hp.
You slice the spark wasp!! You closely miss something.
The spark wasp stings you. The spark wasp shocks you!
You hear some strange, mumbled words.
A bolt of fire appears from out of thin air!
The bolt of fire hits you!
You take 53 damage, and have 62/193 hp.
MASSIVE DAMAGE!!
You closely miss the spark wasp. You slash something!
The spark wasp stings you!
* * * LOW HITPOINT WARNING * * *
The spark wasp shocks you!
* * * LOW HITPOINT WARNING * * *
You block the skeletal warrior's attack.
Something touches you but does no damage.
You take 17 damage, and have 45/193 hp.
You slash the spark wasp!
You feel better.
You kill the spark wasp!
Makhleb accepts your kill.
You feel better.
Your life force feels restored.
You closely miss something.
You hear some strange, mumbled words.
A bolt of fire appears from out of thin air!
The bolt of fire hits you!
* * * LOW HITPOINT WARNING * * *
You block the skeletal warrior's attack.
You take 36 damage, and have 9/193 hp.
You feel much better.
You hear some strange, mumbled words.
You regained 15 hp, and now have 24/193 hp.
You feel much better.
You block the skeletal warrior's attack.
Something touches you but does no damage.
You block the Hell Sentinel's attack. The Hell Sentinel barely misses you.
You regained 23 hp, and now have 47/193 hp.
You feel much better.
You block the skeletal warrior's attack.
Something touches you. The Hell Sentinel hits you!
* * * LOW HITPOINT WARNING * * *
The Hell Sentinel hits you.
You regained 6 hp, and now have 53/193 hp.
You feel much better.
Something touches you but does no damage.
You block the skeletal warrior's attack.
The Hell Sentinel hits you! You block the Hell Sentinel's attack.
You regained 6 hp, and now have 59/193 hp.
Something touches you but does no damage.
The Hell Sentinel hits you.
The Hell Sentinel hits you but does no damage.
Items here: ( )) †† a battleaxe; an arbalest; 10 bolts; a spark wasp corpse; a yaktaur corpse You block the skeletal warrior's attack.
The Hell Sentinel hits you!!
* * * LOW HITPOINT WARNING * * *
You block the Hell Sentinel's attack.
Things that are here:
a robe; a battleaxe; a chain mail You take 21 damage, and have 38/193 hp.
You hear some strange, mumbled words.
You hear some strange, mumbled words.
The Tzitzimitl gestures at you. The bolt of negative energy hits you!
You partially resist.
You feel drained.
* * * LOW HITPOINT WARNING * * *
You take 19 damage, and have 19/193 hp.
The shadow demon gestures.
You are near starving!
There is a staircase back to the Dungeon here.
You can't go down here!
You hear some strange, mumbled words.
A bolt of fire appears from out of thin air!
The bolt of fire hits you!
You die...

, * , * * ### * ,
##.. * , *#..# #, ,
, , ...#., , ,
######+###... , , ,
* #..$....##.#######
, , ,
#@..^{z.#)........ ,
, , ,
#....1.2[))......?
***
#........)3†.##.>.##
,,* ###....1..#.##
,## ,, #.....###.# *
, #.....# #.#**
#.....# #.> , , *
#.....+,..# , ,, , ,
,, ......# ..# *


You could see a Hell Sentinel, a Tzitzimitl, a skeletal warrior, a shadow demon
and a ynoxinul.

Vanquished Creatures
  Nikola (Orc:2)
  2 deep elf blademasters (Elf:2)
  A thorn hunter (Swamp:4)
  A sphinx (D:14)
  A shadow dragon (Depths:1)
  3 ghost moths (Spider:4)
  2 orc warlords (Orc:1)
  The ghost of adolchristin the Fighter, a journeyman MiBe of Trog (Lair:6)
  5 emperor scorpions (Spider:4)
  Louise (Elf:1)
  2 entropy weavers
  A vampire knight (Depths:1)
  The ghost of robertstho the Severer, a journeyman HOBe of Trog (Lair:6)
  2 deep elf demonologists
  A minotaur (Lab)
  An ettin (D:15)
  5 spark wasps
  A deep elf death mage (Depths:1)
  The ghost of Jarlath the Gelid, a journeyman DEIE of Vehumet (Swamp:2)
  The ghost of somethingstrange the Unseen, a journeyman SpEn of Dithmenos (Orc:2)
  Erolcha (D:9)
  The ghost of enygmata the Bludgeoner, a journeyman GrBe of Trog (D:14)
  An ogre mage (D:15)
  Harold (D:10)
  2 vault guards (D:14)
  22 hydras
  Erica (D:10)
  A merfolk avatar (Lair:6)
  2 centaur warriors
  2 ghost crabs
  A death knight (D:15)
  7 two-headed ogres
  10 alligators
  18 dancing weapons
  5 orc high priests
  A vampire mage (Depths:1)
  A deep troll earth mage (D:14)
  2 tengu warriors
  Sonja (Lair:2)
  13 deep elf knights
  3 skeletal warriors (Depths:1)
  A sea snake (Lair:6)
  A spriggan druid (Swamp:2)
  An unseen horror (D:11)
  5 shambling mangroves
  11 swamp dragons
  5 deep elf archers
  3 wizards (D:14)
  Pikel (D:8)
  34 deep elf magi
  4 necromancers
  4 orc knights (Orc:2)
  10 orc sorcerers
  2 harpies (Lair:6)
  A manticore (D:11)
  12 ugly things
  34 wolf spiders
  3 cyclopes
  16 orb spiders
  2 moths of wrath (Spider:4)
  Psyche (D:9)
  2 elephants (Lair:6)
  A black mamba (Lair:4)
  A molten gargoyle (D:15)
  5 gargoyles
  18 spiny frogs
  7 rime drakes
  A kobold demonologist (D:14)
  9 komodo dragons
  2 ice devils (IceCv)
  A yaktaur (D:15)
  A yaktaur skeleton (Depths:1)
  A redback zombie (D:15)
  A queen bee (D:9)
  14 demonic crawlers
  5 trolls
  2 tengu conjurers
  21 jumping spiders
  A wolf spider simulacrum (IceCv)
  3 meliai (D:13)
  A wind drake (Lair:6)
  3 polar bears
  9 hippogriffs
  6 tyrant leeches
  17 slime creatures
  A raiju (shapeshifter) (D:15)
  25 hornets
  10 bog bodies
  10 blink frogs
  6 air elementals
  32 redbacks
  A shadow (Swamp:1)
  24 tarantellas
  42 yaks
  7 spriggans
  5 wyverns
  5 water elementals
  3 hungry ghosts
  2 basilisks
  17 humans (D:14)
  Eustachio (D:5)
  A steam dragon (Lair:3)
  A fire elemental (Orc:2)
  Menkaure (D:6)
  14 vampire mosquitoes
  14 swamp worms
  6 wargs
  15 insubstantial wisps
  A soldier ant (D:14)
  4 acid dragons
  7 water moccasins
  7 porcupines
  Duvessa (D:7)
  3 ice beasts
  11 swamp drakes
  4 sky beasts
  An eye of draining (shapeshifter) (D:14)
  33 orc warriors
  2 black bears
  8 centaurs
  A necrophage (D:13)
  12 ogres
  4 phantoms
  40 wolves
  3 big kobolds
  16 crocodiles
  10 bullfrogs
  An earth elemental (Elf:3)
  A gnoll sergeant (D:6)
  A wyvern zombie (D:13)
  2 water moccasin zombies (D:9)
  Dowan (D:7)
  3 wyvern skeletons
  10 scorpions
  18 killer bees
  2 vampire bats (D:3)
  3 wights (D:10)
  3 howler monkeys (D:10)
  5 crimson imps
  3 quasits
  4 lava snakes (Lab)
  A bullfrog zombie (D:8)
  3 centaur zombies
  2 jellies
  2 bullfrog skeletons
  5 hounds
  5 centaur skeletons
  11 orc priests
  A gnoll shaman (D:2)
  7 iguanas
  19 orc wizards
  18 worker ants
  A wolf simulacrum (IceCv)
  A hound zombie (D:5)
  2 worker ant zombies
  20 adders
  14 gnolls
  4 shadow imps
  2 ufetubi (IceCv)
  An ooze (D:6)
  2 worms (Lair:4)
  2 dart slugs
  4 leopard geckos
  104 orcs
  3 bat skeletons (D:3)
  A bat zombie (D:3)
  4 giant cockroaches
  12 goblins
  5 hobgoblins
  9 jackals
  20 kobolds
  2 quokkas (D:3)
  A ball python (D:2)
  8 bats
  4 frilled lizards
  A jackal zombie (D:6)
  A leopard gecko skeleton (D:6)
  A quokka skeleton (D:8)
  A quokka zombie (D:8)
  5 rats
  2 bushes (Lair:6)
  A fire vortex (D:15)
  5 fungi
  5 plants
1203 creatures vanquished.

Vanquished Creatures (collateral kills)
  3 hydras
  2 shambling mangroves (Swamp:4)
  2 blink frogs (Lair:5)
  A yak (Lair:5)
  A swamp worm (Swamp:4)
  4 swamp drakes (Swamp:4)
13 creatures vanquished.

Vanquished Creatures (others)
  Nessos (D:13)
  A dancing weapon (Elf:1)
  2 deep elf archers (Elf:1)
  A deep elf mage (Elf:1)
  A yaktaur (Depths:1)
  A jumping spider (Spider:4)
  2 hornets (Swamp:4)
  A fire elemental (Elf:1)
  A swamp worm (Swamp:3)
  A swamp drake (Swamp:4)
  A slave (D:8)
  8 centaurs
  An orc priest (Orc:2)
  2 white imps (IceCv)
  An orc (D:10)
  6 fungi
  10 plants
41 creatures vanquished.

Grand Total: 1257 creatures vanquished

Notes
Turn   | Place    | Note
-------+----------+-------------------------------------------
     0 | D:1      | Firecrotchwizard the Deep Dwarf Fighter began the quest for the Orb.
     0 | D:1      | Reached XP level 1. HP: 20/20 MP: 1/1
    60 | D:1      | Reached XP level 2. HP: 24/27 MP: 2/2
    64 | D:1      | Reached skill level 3 in Axes
    99 | D:1      | Reached skill level 3 in Fighting
   321 | D:1      | Reached XP level 3. HP: 30/34 MP: 3/3
   712 | D:2      | Reached skill level 4 in Axes
  1120 | D:2      | Reached XP level 4. HP: 41/42 MP: 4/4
  1500 | D:3      | Found an opulent altar of Gozag.
  1760 | D:3      | Found a sparkling altar of Nemelex Xobeh.
  1787 | D:3      | Reached XP level 5. HP: 36/50 MP: 5/5
  1808 | D:3      | Reached skill level 5 in Axes
  1940 | D:3      | Found an ancient bone altar of Kikubaaqudgha.
  1960 | D:3      | Reached skill level 4 in Fighting
  2079 | D:3      | HP: 10/50 [gnoll/halberd (6)]
  2085 | D:2      | Reached skill level 6 in Axes
  2085 | D:2      | Reached XP level 6. HP: 11/57 MP: 6/6
  2373 | D:4      | Found a shadowy altar of Dithmenos.
  2709 | D:4      | Reached skill level 7 in Axes
  2709 | D:4      | Reached XP level 7. HP: 30/66 MP: 6/6
  2860 | D:4      | Found an iron altar of Okawaru.
  3242 | D:4      | Found a glowing silver altar of Zin.
  3266 | D:5      | Entered Level 5 of the Dungeon
  3382 | D:4      | Reached skill level 5 in Fighting
  3390 | D:5      | HP: 13/67 [orc warrior/hand axe of electrocution (18)]
  3396 | D:5      | HP: 11/67 [orc warrior/hand axe of electrocution (16)]
  3427 | D:5      | Got a shimmering copper ring
  3429 | D:5      | Identified the ring "Huxa" {rPois MP+9 Str+4 Slay+6} (You found it on level 5 of the Dungeon)
  3543 | D:5      | Reached skill level 8 in Axes
  3562 | D:5      | Found a staircase to the Ecumenical Temple.
  3584 | Temple   | Entered the Ecumenical Temple
  3610 | Temple   | Became a worshipper of Makhleb the Destroyer
  3685 | D:5      | Noticed Eustachio
  3692 | D:5      | Killed Eustachio
  3692 | D:5      | Reached XP level 8. HP: 65/75 MP: 5/5
  3798 | D:5      | Found a basalt altar of Yredelemnul.
  3802 | D:5      | Reached skill level 4 in Armour
  3802 | D:5      | Reached skill level 4 in Shields
  3918 | D:6      | Found Feinkesa's Jewellery Shoppe.
  3946 | D:6      | Reached skill level 9 in Axes
  3947 | D:6      | Found a bloodstained altar of Trog.
  3989 | D:6      | Noticed Menkaure
  3998 | D:6      | HP: 15/76 [Menkaure (12)]
  3999 | D:6      | Killed Menkaure
  4053 | D:6      | Reached skill level 6 in Fighting
  4212 | D:6      | Reached skill level 5 in Armour
  4241 | D:6      | Found a runed door.
  4426 | D:6      | Found a hazy altar of Hepliaklqana.
  4456 | D:6      | Reached skill level 5 in Shields
  4457 | D:6      | Reached * piety under Makhleb
  4778 | D:7      | Gained mutation: You passively map the area around you. [Deep Dwarf growth]
  4778 | D:7      | Reached XP level 9. HP: 62/82 MP: 5/5
  4856 | D:7      | Noticed Duvessa
  4856 | D:7      | Noticed Dowan
  4862 | D:7      | Killed Duvessa
  4862 | D:7      | Reached skill level 10 in Axes
  4866 | D:7      | Killed Dowan
  5041 | D:6      | Bought a +4 amulet of reflection for 351 gold pieces
  5191 | D:7      | Found Unogimos's Antique Armour Shoppe.
  5221 | D:7      | Found a radiant altar of Vehumet.
  5525 | D:8      | Reached skill level 6 in Armour
  5525 | D:8      | Reached skill level 6 in Shields
  5657 | D:8      | Reached ** piety under Makhleb
  5665 | D:8      | Noticed Pikel
  5682 | D:8      | Killed Pikel
  5682 | D:8      | Reached skill level 11 in Axes
  5703 | D:8      | Found an ornate altar of the Wu Jian Council.
  5780 | D:8      | Reached skill level 7 in Fighting
  6041 | D:9      | Found a white marble altar of Elyvilon.
  6060 | D:9      | Found Zextahil's General Store.
  6083 | D:9      | Reached XP level 10. HP: 94/94 MP: 6/6
  6247 | D:9      | Reached *** piety under Makhleb
  6247 | D:9      | Reached skill level 7 in Armour
  6247 | D:9      | Reached skill level 7 in Shields
  6344 | D:9      | Noticed a two-headed ogre
  6352 | D:9      | Killed a two-headed ogre
  6352 | D:9      | Reached skill level 12 in Axes
  6422 | D:9      | Noticed Erolcha
  6433 | D:9      | Killed Erolcha
  6450 | D:9      | Found a shattered altar of Ashenzari.
  6459 | D:9      | Noticed Psyche
  6467 | D:9      | Killed Psyche
  6642 | D:9      | Found a hide-covered altar of Uskayaw.
  6733 | D:10     | Entered Level 10 of the Dungeon
  6841 | D:10     | Reached skill level 8 in Fighting
  6845 | D:10     | Reached skill level 8 in Armour
  6847 | D:10     | Reached skill level 8 in Shields
  6847 | D:10     | Reached XP level 11. HP: 103/103 MP: 7/7
  6859 | D:10     | Noticed a deep elf mage
  6892 | D:10     | Reached **** piety under Makhleb
  6920 | D:10     | Noticed a two-headed ogre
  6925 | D:10     | Killed a deep elf mage
  6932 | D:10     | Killed a two-headed ogre
  6932 | D:10     | Reached skill level 13 in Axes
  6989 | D:10     | Noticed Harold
  7091 | D:10     | HP: 18/104 [Harold/bolt of fire (26)]
  7092 | D:10     | Killed Harold
  7121 | D:10     | Noticed a centaur warrior
  7144 | D:10     | Killed a centaur warrior
  7153 | D:10     | Noticed Erica
  7169 | D:10     | Killed Erica
  7169 | D:10     | Reached skill level 9 in Armour
  7169 | D:10     | Reached skill level 9 in Shields
  7703 | D:11     | Noticed an unseen horror
  7709 | D:11     | Killed an unseen horror
  7709 | D:11     | Reached skill level 9 in Fighting
  7764 | D:11     | Reached skill level 14 in Axes
  7765 | D:11     | Found a staircase to the Lair.
  7771 | D:11     | Reached XP level 12. HP: 109/114 MP: 8/8
  7778 | D:11     | Reached ***** piety under Makhleb
  7791 | D:11     | Found a flagged portal.
  7938 | D:11     | Noticed a two-headed ogre
  7951 | D:11     | Killed a two-headed ogre
  7951 | D:11     | Reached skill level 1 in Invocations
  7982 | Bailey   | Entered a bailey
  8159 | Bailey   | Reached skill level 2 in Invocations
  8401 | Bailey   | Reached skill level 3 in Invocations
  8658 | D:11     | Got a warped trident
  8737 | D:11     | Found a staircase to the Orcish Mines.
  8758 | D:11     | Noticed a six-headed hydra
  8771 | D:11     | HP: 21/115 [12-headed hydra (9)]
  8802 | Lair:1   | Entered Level 1 of the Lair of Beasts
  8878 | Lair:1   | Reached skill level 10 in Armour
  8883 | Lair:1   | Reached skill level 10 in Shields
  8993 | Lair:1   | Reached skill level 4 in Invocations
  9464 | Lair:2   | Reached skill level 10 in Fighting
  9524 | Lair:2   | Reached skill level 5 in Invocations
  9648 | Lair:2   | Noticed Sonja
  9659 | Lair:2   | Killed Sonja
 10139 | Lair:3   | Found a staircase to the Swamp.
 10150 | Lair:3   | Reached skill level 6 in Invocations
 10210 | Lair:3   | Reached skill level 11 in Fighting
 10223 | Lair:3   | Reached XP level 13. HP: 127/127 MP: 12/12
 10252 | Lair:3   | Reached skill level 11 in Armour
 10480 | Lair:3   | Reached skill level 7 in Invocations
 11195 | Lair:4   | Found a hole to the Spider Nest.
 11424 | Lair:4   | Reached ****** piety under Makhleb
 11963 | Lair:5   | Reached skill level 8 in Invocations
 12062 | Lair:5   | Reached skill level 11 in Shields
 12129 | Lair:5   | Found a runed door.
 12130 | Lair:5   | Found a viscous altar of Jiyva.
 12130 | Lair:5   | Noticed an azure jelly
 12131 | Lair:5   | Found a staircase to the Slime Pits.
 12595 | Lair:6   | Entered Level 6 of the Lair of Beasts
 12630 | Lair:6   | Reached skill level 12 in Fighting
 12640 | Lair:6   | Found a labyrinth entrance.
 12650 | Lab      | Entered a labyrinth
 12949 | Lab      | Noticed a minotaur
 12963 | Lab      | Killed a minotaur
 12963 | Lab      | Reached skill level 9 in Invocations
 13135 | Lair:6   | Reached skill level 12 in Armour
 13403 | Lair:6   | Noticed adolchristin's ghost (journeyman MiBe)
 13411 | Lair:6   | HP: 31/130 [eight-headed hydra (2)]
 13665 | Lair:6   | Gained mutation: You resist negative energy. (rN+) [Deep Dwarf growth]
 13665 | Lair:6   | Reached XP level 14. HP: 116/139 MP: 13/13
 13753 | Lair:6   | Reached skill level 10 in Invocations
 13848 | Lair:6   | Got a bloodstained robe
 13854 | Lair:6   | Got a translucent turquoise ring
 13862 | Lair:6   | Noticed robertstho's ghost (journeyman HOBe)
 13896 | Lair:6   | Killed robertstho's ghost
 13896 | Lair:6   | Reached skill level 13 in Fighting
 13896 | Lair:6   | Reached skill level 12 in Shields
 14012 | Lair:6   | Killed adolchristin's ghost
 14411 | Orc:1    | Entered Level 1 of the Orcish Mines
 14414 | Orc:1    | Noticed an orc warlord
 14446 | D:11     | Noticed a cacodemon
 14460 | Orc:1    | Killed an orc warlord
 14583 | Orc:1    | Identified the ring "Lasm" {rElec rF+ Dex+4} (You found it on level 6 of the Lair of Beasts)
 14612 | Orc:1    | Noticed an orc warlord
 14643 | Orc:1    | Killed an orc warlord
 14643 | Orc:1    | Reached skill level 11 in Invocations
 15031 | Orc:2    | Entered Level 2 of the Orcish Mines
 15046 | Orc:2    | Noticed somethingstrange's ghost (journeyman SpEn)
 15053 | Orc:2    | Reached skill level 13 in Armour
 15067 | Orc:2    | Killed somethingstrange's ghost
 15375 | Orc:2    | Found a staircase to the Elven Halls.
 15379 | Orc:2    | Found Pasoh's Antique Armour Shop.
 15477 | Orc:2    | Found Moitiga's Antique Weapon Boutique.
 15508 | Orc:2    | Reached skill level 14 in Fighting
 15566 | Orc:2    | Found Ymibil's Assorted Antiques.
 15568 | Orc:2    | Found Waongu's Food Boutique.
 15568 | Orc:2    | Found Muegg's Jewellery Emporium.
 15710 | D:11     | Reached skill level 13 in Shields
 16299 | D:12     | Reached skill level 12 in Invocations
 16925 | D:13     | Noticed Nessos
 16946 | D:13     | Killed Nessos
 16946 | D:13     | Reached XP level 15. HP: 62/152 MP: 13/13
 17600 | D:14     | Noticed a sphinx
 17614 | D:14     | Killed a sphinx
 17615 | D:14     | Found a large runed door.
 17627 | D:14     | Found a large runed door.
 17628 | D:14     | Found a shattered altar of Ashenzari.
 17634 | D:14     | Got an ancient hunting sling
 17730 | D:14     | Found a bloodstained altar of Trog.
 17883 | D:14     | Found a radiant altar of Vehumet.
 18038 | D:14     | Noticed enygmata's ghost (journeyman GrBe)
 18106 | D:14     | Killed enygmata's ghost
 18271 | D:14     | Reached skill level 15 in Fighting
 18273 | D:14     | Reached skill level 14 in Armour
 18367 | D:14     | Found a gate to the Vaults.
 18371 | D:14     | Reached skill level 13 in Invocations
 18760 | D:15     | Entered Level 15 of the Dungeon
 18760 | D:15     | Found Usuij's Gadget Emporium.
 18969 | D:7      | Bought a crude shield for 266 gold pieces
 18979 | D:7      | Identified the cursed +0 shield of Ytualec {Int+3} (You bought it in a shop on level 7 of the Dungeon)
 19294 | D:15     | Found Fuvoug's Antique Weapon Shop.
 19408 | D:15     | Reached skill level 14 in Shields
 19450 | D:15     | Found a staircase to the Depths.
 20145 | Elf:1    | Entered Level 1 of the Elven Halls
 20145 | Elf:1    | Noticed Louise
 20145 | Elf:1    | Noticed Nikola
 20211 | Orc:2    | Killed Nikola
 20249 | Elf:1    | Killed Louise
 20383 | Elf:1    | Found Teduaxio's Book Shoppe.
 20391 | Elf:1    | Found Peecid's General Store.
 20405 | Elf:1    | Found Roqauro's Weapon Shop.
 20416 | Elf:1    | Reached XP level 16. HP: 156/163 MP: 15/15
 20447 | Elf:1    | Reached skill level 14 in Invocations
 20498 | Elf:1    | Found Viliud's Jewellery Shoppe.
 20635 | Elf:1    | Found Ekumiw's Distillery.
 20654 | Elf:1    | Bought a potion of experience for 600 gold pieces
 20654 | Elf:1    | Reached XP level 17. HP: 165/170 MP: 17/17
 20712 | Elf:1    | Noticed a Hell Sentinel
 20715 | Elf:1    | Reached skill level 15 in Shields
 21025 | Elf:2    | Found Ruvaibbu's Weapon Shoppe.
 21089 | Elf:2    | Found Qeobri Qocoa's Book Boutique.
 21100 | Elf:2    | Reached skill level 15 in Invocations
 21111 | Elf:2    | Reached skill level 15 in Armour
 21142 | Elf:2    | Noticed Roxanne
 21161 | Elf:2    | Found a frozen archway.
 21181 | Elf:2    | Found a deep blue altar of Sif Muna.
 21216 | Elf:2    | Found Zonedw Qecs's Gadget Emporium.
 21345 | Elf:2    | Found a runed gate.
 21345 | Elf:2    | Found a runed gate.
 21346 | Elf:2    | Found a runed gate.
 21419 | IceCv    | Entered an ice cave
 21702 | Elf:2    | Noticed a deep elf blademaster
 21719 | Elf:2    | Killed a deep elf blademaster
 21966 | Elf:3    | Entered Level 3 of the Elven Halls
 22027 | Elf:3    | Reached skill level 16 in Fighting
 22097 | Elf:3    | Noticed a deep elf blademaster
 22098 | Elf:3    | Noticed a deep elf blademaster
 22102 | Elf:3    | Noticed an Ice Fiend
 22144 | Elf:2    | Killed a deep elf blademaster
 22346 | Swamp:1  | Entered Level 1 of the Swamp
 22362 | Swamp:1  | Reached skill level 15 in Axes
 22608 | Swamp:1  | Reached skill level 16 in Invocations
 23273 | Swamp:2  | Noticed Jarlath's ghost (journeyman DEIE)
 23287 | Swamp:2  | Killed Jarlath's ghost
 23332 | Swamp:2  | Gained mutation: You passively map a large area around you. [Deep Dwarf growth]
 23332 | Swamp:2  | Reached XP level 18. HP: 181/181 MP: 17/17
 24154 | Swamp:3  | Reached skill level 16 in Armour
 24727 | Swamp:4  | Entered Level 4 of the Swamp
 25194 | Swamp:4  | Reached skill level 17 in Invocations
 25332 | Swamp:4  | Reached skill level 16 in Axes
 25381 | Swamp:4  | Got a decaying rune of Zot
 25593 | Spider:1 | Entered Level 1 of the Spider Nest
 27660 | Spider:3 | Reached skill level 17 in Fighting
 28165 | Spider:4 | Entered Level 4 of the Spider Nest
 28209 | Spider:4 | Reached skill level 17 in Armour
 28236 | Spider:4 | Reached XP level 19. HP: 193/193 MP: 18/18
 28397 | Spider:4 | Reached skill level 18 in Invocations
 29028 | Spider:4 | Got a gossamer rune of Zot
 29397 | Depths:1 | Entered Level 1 of the Depths
 29431 | Depths:1 | Reached skill level 17 in Axes
 29436 | Depths:1 | Noticed an ancient lich
 29452 | Depths:1 | HP: 45/193 [spark wasp (9)]
 29453 | Depths:1 | HP: 9/193 [something/bolt of fire (61)]
 29459 | Depths:1 | HP: 38/193 [Hell Sentinel[an ancient lich] (21)]
 29463 | Depths:1 | Noticed a Tzitzimitl
 29467 | Depths:1 | Killed from afar by an ancient lich

Vault maps used:
D:1:      tarquinn_simple_flora_water_a, minivault_11, minmay_fountain_box,
          minmay_three_crescents
D:2:      grunt_ministairs_11
D:3:      grunt_gozag_statues, kennysheep_vampire_church, first_ration,
          nemelex_spade_bored_becter
D:4:      zin_scriptorium, okawaru_altar_gauntlet_db, lemuel_crystal_altar,
          minmay_ruptured
D:5:      kennysheep_little_box, temple_statues, uniq_eustachio
D:6:      lemuel_round_altar, tgw_sif, bloody_trog, serial_shops,
          nicolae_shop_waterfront, minmay_statues_item, uniq_crazy_yiuf_cottage,
          uniq_menkaure
D:7:      lemuel_coloured_pillars_altar, serial_shops, nicolae_shop_crystal,
          uniq_duvessa
D:8:      lemuel_crystal_altar, uniq_pikel
D:9:      lemuel_round_altar, overflow_temple_1_default, basic_altar,
          serial_shops, shop, david_nohive_1, uniq_erolcha, uniq_psyche
D:10:     minmay_the_grid_four_pointed_star_mashed, uniq_erica, uniq_harold
D:11:     minmay_lair_entry_grove, orc_0_dummy, enter_bailey_2,
          nrook_pool_corridor, hangedman_abyss_or_decor_stagger
D:13:     uniq_nessos
D:14:     grunt_vaults_entry_tiered, nicolae_wwwww, basic_altar,
          jmf_multi_god_temple2
D:15:     hangedman_depths_entry_civil_slaughter, kennysheep_pointless_box,
          serial_shops, shop, nicolae_shop_crystal
Temple:   pf_slime_end_temple
Lair:1:   minmay_holes, lemuel_another_geyser
Lair:2:   grunt_megastairs_2, uniq_sonja
Lair:3:   swamp_mist, serial_forest, infiniplex_forest_clump_long,
          infiniplex_forest_lined_corner, infiniplex_forest_straight_5,
          infiniplex_forest_straight_2, infiniplex_forest_lined_2,
          infiniplex_forest_lined_room_3, infiniplex_forest_lined_4_way,
          infiniplex_forest_clump_medium, grunt_forest_large_clearings
Lair:4:   nicolae_spider_entry_non_spiders, grunt_megastairs_5
Lair:5:   slime_altar_2
Lair:6:   gammafunk_lair_ancient_temple, lab_entry_generic
Swamp:1:  evilmike_swamp_ruin_house_4, swamp_pool3, wheals_swamp_sinkhole,
          infiniplex_staircase_pool
Swamp:2:  evilmike_swamp_ruin_house_6
Swamp:3:  hangedman_swamp_diagram, nicolae_swamp_little_tower
Swamp:4:  swamp_basic_johnstein, swamp_pool3
Spider:1: spider_trap
Spider:4: grunt_spider_rune_island
Orc:1:    nicolae_orc_flooded_monolith, elf_legates
Orc:2:    st_orc_elflike, serial_shops, shop
Elf:1:    elf_arrival_002, serial_shops, shop, nicolae_shop_waterfront, shop,
          shop, nicolae_shop_crystal, hangedman_corner_corridor,
          roderic_roman_lattice, st_stairs_1, uniq_louise, uniq_nikola
Elf:2:    portal_ice_cave_entry_pillars_2, serial_shops, shop,
          nicolae_shop_statue_plus, shop_fountains, basic_altar, uniq_roxanne
Elf:3:    elf_hall
Depths:1: serial_bayou_shore_b, serial_glass, glass_columns_c, glass_columns_a,
          lightli_too_deep, abyss_entry, special_room, hangedman_glass_teeth,
          spider_trap, hangedman_cracks_in_the_wall
Lab:      labyrinth_spiral, nicolae_lab_quarters, nicolae_lab_diamond,
          labyrinth_lava_lair, lab_fountain, nicolae_lab_arrow
Bailey:   bailey_polearm_flooded_kennysheep, bailey
IceCv:    ice_cave_caverns_03

Skill      XL: |  1  2  3  4  5  6  7  8  9 10 11 12 13 14 15 16 17 18 19 |
---------------+----------------------------------------------------------+-----
Axes           | 3 4 6 7 8 9 11 12 14 15 16 17 | 17.0
Fighting       | 3 4 5 6 7 8 9 11 12 14 15 16 17 | 17.4
Armour         | 5 6 8 9 10 12 13 14 15 17 | 17.5
Shields        | 5 6 8 9 10 11 13 14 15 | 15.1
Invocations    | 6 9 12 13 14 16 17 18 | 18.5

Action                   |  1- 3 |  4- 6 |  7- 9 | 10-12 | 13-15 | 16-18 | 19-21 || total
-------------------------+-------+-------+-------+-------+-------+-------+-------++-------
Melee: War axe           |   126 |   231 |    67 |       |       |       |       ||   424
       Hand axe          |       |       |   204 |   667 |  1243 |   123 |       ||  2237
       Broad axe         |       |       |       |       |       |   926 |   255 ||  1181
Invok: Minor Destruction |       |       |       |     5 |    44 |    65 |       ||   114
       Lesser Servant of |       |       |       |     1 |     2 |       |       ||     3
       Major Destruction |       |       |       |       |    11 |    15 |       ||    26
       Greater Servant o |       |       |       |       |     2 |     1 |       ||     3
 Abil: Heal Wounds       |     1 |     5 |    10 |    11 |    16 |     5 |     4 ||    52
       Evoke Flight      |       |       |       |       |     1 |       |       ||     1
Evoke: Wand              |       |       |       |     6 |    22 |     2 |       ||    30
  Use: Scroll            |       |     8 |     8 |     7 |    14 |    15 |     2 ||    54
       Potion            |       |       |       |       |     3 |     2 |       ||     5
 Stab: Distracted        |       |       |       |       |     1 |     1 |       ||     2
  Eat: Chunk             |     1 |     5 |    11 |    13 |    32 |    11 |     1 ||    74
       Ration            |       |       |     1 |       |     1 |     5 |     1 ||     8
Armor: Scale mail        |    27 |       |       |       |       |       |       ||    27
       Chain mail        |    68 |   126 |   114 |   213 |   440 |   843 |   161 ||  1965
       Plate armour      |       |       |       |       |    57 |       |       ||    57
Dodge: Dodged            |    38 |    52 |    57 |   111 |   232 |   373 |    69 ||   932
Block: Shield            |    77 |   107 |   126 |   480 |   839 |  1225 |   271 ||  3125
       Reflection        |       |       |     5 |    47 |    44 |    52 |     2 ||   150

Table legend:
 A = Spawn XP
 B = Non-spawn XP
 C = Spawn XP percentage of total XP
 D = Spawn monster count
 E = Non-spawn monster count
 F = Spawn count percentage of total count
 G = Total turns spent on level
                    A         B        C        D         E        F      G
               +---------+---------+-------+---------+---------+-------+---------
         Total |       0 |  360867 |   0.0 |       0 |    1222 |   0.0 | 29467
               +---------+---------+-------+---------+---------+-------+---------
           D:1 |       0 |      54 |   0.0 |       0 |      24 |   0.0 |   562
           D:2 |       0 |      96 |   0.0 |       0 |      21 |   0.0 |   841
           D:3 |       0 |     295 |   0.0 |       0 |      33 |   0.0 |   783
           D:4 |       0 |     434 |   0.0 |       0 |      29 |   0.0 |  1091
           D:5 |       0 |     880 |   0.0 |       0 |      16 |   0.0 |   576
           D:6 |       0 |     976 |   0.0 |       0 |      32 |   0.0 |   888
           D:7 |       0 |    1198 |   0.0 |       0 |      19 |   0.0 |   689
           D:8 |       0 |    1522 |   0.0 |       0 |      20 |   0.0 |   697
           D:9 |       0 |    4729 |   0.0 |       0 |      49 |   0.0 |   722
          D:10 |       0 |    9273 |   0.0 |       0 |      56 |   0.0 |   934
          D:11 |       0 |    6001 |   0.0 |       0 |      34 |   0.0 |   973
          D:12 |       0 |    3318 |   0.0 |       0 |      24 |   0.0 |  1034
          D:13 |       0 |    7317 |   0.0 |       0 |      20 |   0.0 |   836
          D:14 |       0 |   22912 |   0.0 |       0 |      53 |   0.0 |  1323
          D:15 |       0 |   10990 |   0.0 |       0 |      20 |   0.0 |   975
        Lair:1 |       0 |    2502 |   0.0 |       0 |      11 |   0.0 |   640
        Lair:2 |       0 |    3613 |   0.0 |       0 |      13 |   0.0 |   802
        Lair:3 |       0 |    8113 |   0.0 |       0 |      49 |   0.0 |   839
        Lair:4 |       0 |    3291 |   0.0 |       0 |      18 |   0.0 |   956
        Lair:5 |       0 |    6314 |   0.0 |       0 |      26 |   0.0 |  1090
        Lair:6 |       0 |   18688 |   0.0 |       0 |      54 |   0.0 |  1089
       Swamp:1 |       0 |   14128 |   0.0 |       0 |      49 |   0.0 |   942
       Swamp:2 |       0 |   10648 |   0.0 |       0 |      26 |   0.0 |   695
       Swamp:3 |       0 |   17467 |   0.0 |       0 |      43 |   0.0 |   970
       Swamp:4 |       0 |   29088 |   0.0 |       0 |      60 |   0.0 |   592
      Spider:1 |       0 |    9581 |   0.0 |       0 |      27 |   0.0 |  1045
      Spider:2 |       0 |   10920 |   0.0 |       0 |      27 |   0.0 |   504
      Spider:3 |       0 |    8158 |   0.0 |       0 |      27 |   0.0 |  1117
      Spider:4 |       0 |   44463 |   0.0 |       0 |      82 |   0.0 |   908
         Orc:1 |       0 |    9885 |   0.0 |       0 |      51 |   0.0 |   648
         Orc:2 |       0 |   18490 |   0.0 |       0 |      60 |   0.0 |   754
         Elf:1 |       0 |   18989 |   0.0 |       0 |      33 |   0.0 |   849
         Elf:2 |       0 |   33779 |   0.0 |       0 |      43 |   0.0 |   917
         Elf:3 |       0 |    4173 |   0.0 |       0 |       7 |   0.0 |   170
      Depths:1 |       0 |   12331 |   0.0 |       0 |      13 |   0.0 |    70
           Lab |       0 |    3055 |   0.0 |       0 |       9 |   0.0 |   373
        Bailey |       0 |    2155 |   0.0 |       0 |      38 |   0.0 |   481
         IceCv |       0 |    1041 |   0.0 |       0 |       6 |   0.0 |    51
               +---------+---------+-------+---------+---------+-------+---------

Vault maps used:
D:1:      tarquinn_simple_flora_water_a, minivault_11, minmay_fountain_box,
          minmay_three_crescents
D:2:      grunt_ministairs_11
D:3:      grunt_gozag_statues, kennysheep_vampire_church, first_ration,
          nemelex_spade_bored_becter
D:4:      zin_scriptorium, okawaru_altar_gauntlet_db, lemuel_crystal_altar,
          minmay_ruptured
D:5:      kennysheep_little_box, temple_statues, uniq_eustachio
D:6:      lemuel_round_altar, tgw_sif, bloody_trog, serial_shops,
          nicolae_shop_waterfront, minmay_statues_item, uniq_crazy_yiuf_cottage,
          uniq_menkaure
D:7:      lemuel_coloured_pillars_altar, serial_shops, nicolae_shop_crystal,
          uniq_duvessa
D:8:      lemuel_crystal_altar, uniq_pikel
D:9:      lemuel_round_altar, overflow_temple_1_default, basic_altar,
          serial_shops, shop, david_nohive_1, uniq_erolcha, uniq_psyche
D:10:     minmay_the_grid_four_pointed_star_mashed, uniq_erica, uniq_harold
D:11:     minmay_lair_entry_grove, orc_0_dummy, enter_bailey_2,
          nrook_pool_corridor, hangedman_abyss_or_decor_stagger
D:13:     uniq_nessos
D:14:     grunt_vaults_entry_tiered, nicolae_wwwww, basic_altar,
          jmf_multi_god_temple2
D:15:     hangedman_depths_entry_civil_slaughter, kennysheep_pointless_box,
          serial_shops, shop, nicolae_shop_crystal
Temple:   pf_slime_end_temple
Lair:1:   minmay_holes, lemuel_another_geyser
Lair:2:   grunt_megastairs_2, uniq_sonja
Lair:3:   swamp_mist, serial_forest, infiniplex_forest_clump_long,
          infiniplex_forest_lined_corner, infiniplex_forest_straight_5,
          infiniplex_forest_straight_2, infiniplex_forest_lined_2,
          infiniplex_forest_lined_room_3, infiniplex_forest_lined_4_way,
          infiniplex_forest_clump_medium, grunt_forest_large_clearings
Lair:4:   nicolae_spider_entry_non_spiders, grunt_megastairs_5
Lair:5:   slime_altar_2
Lair:6:   gammafunk_lair_ancient_temple, lab_entry_generic
Swamp:1:  evilmike_swamp_ruin_house_4, swamp_pool3, wheals_swamp_sinkhole,
          infiniplex_staircase_pool
Swamp:2:  evilmike_swamp_ruin_house_6
Swamp:3:  hangedman_swamp_diagram, nicolae_swamp_little_tower
Swamp:4:  swamp_basic_johnstein, swamp_pool3
Spider:1: spider_trap
Spider:4: grunt_spider_rune_island
Orc:1:    nicolae_orc_flooded_monolith, elf_legates
Orc:2:    st_orc_elflike, serial_shops, shop
Elf:1:    elf_arrival_002, serial_shops, shop, nicolae_shop_waterfront, shop,
          shop, nicolae_shop_crystal, hangedman_corner_corridor,
          roderic_roman_lattice, st_stairs_1, uniq_louise, uniq_nikola
Elf:2:    portal_ice_cave_entry_pillars_2, serial_shops, shop,
          nicolae_shop_statue_plus, shop_fountains, basic_altar, uniq_roxanne
Elf:3:    elf_hall
Depths:1: serial_bayou_shore_b, serial_glass, glass_columns_c, glass_columns_a,
          lightli_too_deep, abyss_entry, special_room, hangedman_glass_teeth,
          spider_trap, hangedman_cracks_in_the_wall
Lab:      labyrinth_spiral, nicolae_lab_quarters, nicolae_lab_diamond,
          labyrinth_lava_lair, lab_fountain, nicolae_lab_arrow
Bailey:   bailey_polearm_flooded_kennysheep, bailey
IceCv:    ice_cave_caverns_03

Table legend:
 A = Turns spent in this place as a percentage of turns spent in the entire game.
 B = Non-inter-level travel turns spent in this place as a percentage of non-inter-level travel turns spent in the entire game.
 C = Inter-level travel turns spent in this place as a percentage of turns spent in this place.
 D = Turns resting spent in this place as a percentage of non-inter-level travel turns spent in this place.
 E = Turns spent auto-exploring this place as a percentage of non-inter-level travel turns spent in this place.
 F = Non-inter-level travel turns spent in this place divided by the number of levels of this place that you've seen.
                   A       B       C       D       E      F
               +-------+-------+-------+-------+-------+----------------------
         Total | 100.0 | 100.0 |   8.6 |   5.1 |  64.7 | 690.4
       Dungeon |  43.9 |  43.6 |   9.2 |   7.3 |  67.7 | 782.7
        Temple |   0.1 |   0.1 |  34.1 |   0.0 |  77.8 |  27.0
          Lair |  18.4 |  17.9 |  10.9 |   4.0 |  71.7 | 804.0
         Swamp |  10.9 |  11.0 |   7.6 |   5.4 |  60.8 | 738.8
   Spider Nest |  12.1 |  12.3 |   7.2 |   2.0 |  69.7 | 829.5
  Orcish Mines |   4.8 |   4.8 |   7.3 |   2.5 |  60.7 | 649.5
   Elven Halls |   6.6 |   6.6 |   7.5 |   3.1 |  56.5 | 596.7
        Depths |   0.2 |   0.3 |   1.4 |   0.0 |   0.0 |  69.0
     Labyrinth |   1.3 |   1.4 |   0.0 |   0.0 |   0.0 | 373.0
        Bailey |   1.6 |   1.8 |   0.0 |   1.9 |  18.3 | 481.0
      Ice Cave |   0.2 |   0.2 |   0.0 |   0.0 |  15.7 |  51.0
               +-------+-------+-------+-------+-------+----------------------

Table legend:
 A = Kills in this place as a percentage of kills in entire the game.
 B = Kills by you in this place as a percentage of kills by you in the entire game.
 C = Kills by friends in this place as a percentage of kills by friends in the entire game.
 D = Other kills in this place as a percentage of other kills in the entire game.
 E = Experience gained in this place as a percentage of experience gained in the entire game.
 F = Experience gained in this place divided by the number of levels of this place that you have seen.
                   A       B       C       D       E      F
               +-------+-------+-------+-------+-------+----------------------
         Total | 100.0 | 100.0 | 100.0 | 100.0 | 100.0 | 9253.0
       Dungeon |  36.8 |  37.4 |   0.0 |  26.3 |  19.4 | 4666.3
          Lair |  14.0 |  14.0 |  30.8 |   0.0 |  11.8 | 7086.8
         Swamp |  14.6 |  13.9 |  69.2 |  15.8 |  19.8 | 17832.8
   Spider Nest |  13.3 |  13.6 |   0.0 |   5.3 |  20.3 | 18280.5
  Orcish Mines |   9.1 |   9.3 |   0.0 |   0.0 |   7.9 | 14187.5
   Elven Halls |   6.8 |   6.6 |   0.0 |  21.1 |  15.8 | 18980.3
        Depths |   1.1 |   1.0 |   0.0 |   5.3 |   3.4 | 12331.0
     Labyrinth |   0.7 |   0.8 |   0.0 |   0.0 |   0.8 | 3055.0
        Bailey |   3.1 |   2.8 |   0.0 |  26.3 |   0.6 | 2155.0
      Ice Cave |   0.5 |   0.5 |   0.0 |   0.0 |   0.3 | 1041.0
               +-------+-------+-------+-------+-------+----------------------
